 Dungeon Crawl Stone Soup version 0.21.1-1-g345015fe64 (webtiles) character file.

882 FreshCat the Slinger (level 8, 52/52 HPs)
             Began as a Halfling Hunter on Apr 18, 2018.
             Was an Initiate of Qazlal.
             Quit the game on level 5 of the Dungeon.
             The game lasted 00:22:50 (5348 turns).

FreshCat the Slinger (Halfling Hunter)              Turns: 5348, Time: 00:22:50

Health: 52/52      AC:  6    Str: 14    XL:     8   Next: 25%
Magic:  8/8        EV: 15    Int: 13    God:    Qazlal [......]
Gold:   66         SH:  0    Dex: 16    Spells: 7/7 levels left

rFire    + . .     SeeInvis .   a - +1 hunting sling
rCold    + . .     Gourm    .   (shield restricted)
rNeg     . . .     Faith    .   t - +3 leather armour {rF+}
rPois    .         Spirit   .   (no helmet)
rElec    .         Reflect  .   (no cloak)
rCorr    .         Harm     .   (no gloves)
MR       .....                  (no boots)
Stlth    +++.......             (no amulet)
HPRegen  0.17/turn              j - ring of protection from cold
MPRegen  0.11/turn              o - +4 ring of intelligence

@: no status effects
A: small, deterioration 1, mutation resistance 1
a: Renounce Religion


You were on level 5 of the Dungeon.
You worshipped Qazlal.
Qazlal was noncommittal.
You were not hungry.

You visited 2 branches of the dungeon, and saw 7 of its levels.

You collected 186 gold pieces.
You spent 120 gold pieces at shops.

Inventory:

Hand Weapons
 a - a +1 hunting sling (weapon)
 b - a +0 short sword
Missiles
 i - 68 stones (quivered)
Armour
 t - a +3 leather armour of fire resistance (worn)
Jewellery
 j - a ring of protection from cold (left hand)
 o - a +4 ring of intelligence (right hand)
 r - an uncursed ring of resist corrosion
Wands
 d - a wand of flame (34)
 l - a wand of digging (13)
Scrolls
 e - 2 scrolls of teleportation
 h - a scroll of remove curse
Potions
 g - a potion of curing
 m - a potion of brilliance
 p - 2 potions of agility
 s - a potion of invisibility {unknown}
Books
 n - a book of Maledictions

   Spells                             Type                      Level
   a - Corona                         Hexes                        1
   b - Ensorcelled Hibernation        Hexes/Ice                    2
   c - Confuse                        Hexes                        3
   d - Tukima's Dance                 Hexes                        3
   e - Dazzling Spray                 Conjuration/Hexes            3
Comestibles
 c - 2 chunks of flesh
 f - 3 rations


   Skills:
 + Level 3.5 Fighting
 + Level 2.1 Short Blades
 + Level 10.4 Slings
 + Level 2.4 Armour
 + Level 2.8 Dodging
 * Level 4.5 Stealth


You had 7 spell levels left.
You didn't know any spells.

Dungeon Overview and Level Annotations

Branches:
Dungeon (6/15)             Temple (1/1) D:4

Altars:
Ashenzari
Cheibriados
Elyvilon
Fedhas
Gozag
Hepliaklqana
Kikubaaqudgha
Makhleb
Nemelex Xobeh
Okawaru
Qazlal
Sif Muna
Trog
Uskayaw
Wu Jian
Xom
Yredelemnul
Zin
The Shining One

Shops:
D:4 [


Innate Abilities, Weirdness & Mutations

You are small and have problems with some larger weapons.
You are somewhat resistant to further mutation.
Your body sometimes deteriorates upon taking damage.


Message History

Found 8 gold pieces.
You start resting.
You feel a little less agile now.
Some of the chunks of flesh in your inventory have rotted away.
You start resting.
HP restored.
There is a stone staircase leading up here.
You now have 66 gold pieces (gained 8).
There is a stone staircase leading up here.
You climb upwards.
There is a stone staircase leading down here.
As you read the scroll of identify, it crumbles to dust.
q - a potion of mutation Quiver which item? (- for none, * to show all) (? for menu, Esc to quit)
Okay, then.
You feel extremely strange.
You feel yourself wasting away.
d - a wand of flame (34)
You see here 8 gold pieces.
Are you sure you want to abandon this character and quit the game? (Confirm with "yes".)

#>#......# ..
#.#.#.#.#.# #...
#.....#.# ....
###.....###.#
##.###.....#..#
#.#####........
#. #.......#.#
#.###.......#
##@##.......#
#...........#
#.#####..a.#.#
... . ......#..
#.##. .##.##..##
# #. ......## #
#. #....# .# ##
#.#.## #.#
#..####...###.##


You could see a worker ant (wandering).

Vanquished Creatures
  An ice beast (D:6)
  2 ogres
  A phantom (D:4)
  The ghost of Delanovic the Sneak, an amateur SpEn (D:3)
  A water moccasin skeleton (D:6)
  An orc wizard (D:4)
  5 hounds
  Jessica (D:3)
  An iguana (D:6)
  A worker ant (D:5)
  4 gnolls (D:3)
  A howler monkey skeleton (D:4)
  4 adders
  An ooze (D:1)
  3 worms
  2 dart slugs (D:1)
  2 leopard geckos
  5 orcs (D:3)
  4 bats
  2 giant cockroaches
  6 goblins
  7 hobgoblins
  6 jackals
  3 quokkas
  A ball python (D:4)
  7 frilled lizards
  8 kobolds
  A leopard gecko skeleton (D:4)
  6 rats
88 creatures vanquished.

Notes
Turn   | Place    | Note
-------+----------+-------------------------------------------
     0 | D:1      | FreshCat the Halfling Hunter began the quest for the Orb.
     0 | D:1      | Reached XP level 1. HP: 14/14 MP: 1/1
    22 | D:1      | Reached skill level 6 in Slings
    88 | D:1      | Reached XP level 2. HP: 10/19 MP: 2/2
   357 | D:1      | Found a shattered altar of Ashenzari.
   768 | D:1      | Reached XP level 3. HP: 24/24 MP: 3/3
  1131 | D:2      | Noticed an ogre
  1138 | D:2      | Killed an ogre
  1138 | D:2      | Reached skill level 8 in Slings
  1138 | D:2      | Reached XP level 4. HP: 30/30 MP: 4/4
  1138 | D:2      | Reached XP level 5. HP: 35/35 MP: 5/5
  1903 | D:2      | Found an opulent altar of Gozag.
  2133 | D:3      | Noticed Jessica
  2141 | D:3      | Reached skill level 1 in Armour
  2163 | D:3      | Killed Jessica
  2163 | D:3      | Reached skill level 1 in Short Blades
  2317 | D:4      | Noticed a phantom
  2352 | D:4      | Killed a phantom
  2352 | D:4      | Reached XP level 6. HP: 36/41 MP: 6/6
  2795 | D:3      | Noticed Delanovic's ghost (amateur SpEn)
  2803 | D:3      | Killed Delanovic's ghost
  2803 | D:3      | Reached skill level 9 in Slings
  2803 | D:3      | Reached XP level 7. HP: 43/45 MP: 7/7
  3031 | D:3      | Found a bloodstained altar of Trog.
  3041 | D:3      | Found a basalt altar of Yredelemnul.
  3042 | D:3      | Found a stormy altar of Qazlal.
  3050 | D:3      | Found a white marble altar of Elyvilon.
  3053 | D:3      | Became a worshipper of Qazlal Stormbringer
  3057 | D:3      | Found an ancient bone altar of Kikubaaqudgha.
  3336 | D:3      | Found a burning altar of Makhleb.
  3737 | D:4      | Found a staircase to the Ecumenical Temple.
  3754 | Temple   | Entered the Ecumenical Temple
  4141 | D:5      | Entered Level 5 of the Dungeon
  4293 | D:4      | Found Tificw's Antique Armour Boutique.
  4301 | D:4      | Bought a dyed leather armour for 120 gold pieces
  4923 | D:5      | Reached XP level 8. HP: 52/52 MP: 8/8
  4961 | D:6      | Reached skill level 10 in Slings
  5126 | D:5      | Noticed a rust devil
  5128 | D:5      | Noticed a rust devil
  5335 | D:5      | Gained mutation: Your body sometimes deteriorates upon taking damage. [potion of mutation]
  5348 | D:5      | Quit the game

Skill      XL: |  1  2  3  4  5  6  7  8 |
---------------+-------------------------+-----
Slings         | 6 8 9 10 | 10.4
Fighting       | 2 3 |  3.5
Armour         | 1 2 |  2.4
Short Blades   | 1 2 |  2.1
Stealth        | 2 3 4 |  4.5
Dodging        | |  2.8

Action                   |  1- 3 |  4- 6 |  7- 9 || total
-------------------------+-------+-------+-------++-------
Melee: Short sword       |     8 |    37 |    33 ||    78
 Fire: Hunting sling     |    61 |   114 |   175 ||   350
  Use: Scroll            |       |     9 |     5 ||    14
       Potion            |       |       |     3 ||     3
  Eat: Chunk             |       |     6 |     7 ||    13
Armor: Leather armour    |     1 |    12 |    20 ||    33
Dodge: Dodged            |    13 |    48 |    79 ||   140
